 Dungeon Crawl Stone Soup version 0.21.1-1-g345015f (webtiles) character file.

11092 kae the Martial Artist (level 11, -1/90 HPs)
             Began as a Demonspawn Monk on Apr 25, 2018.
             Was an Elder of Wu Jian.
             Slain by a wraith (8 damage)
             ... led by Josephine
             ... on level 11 of the Dungeon.
             The game lasted 00:13:36 (13516 turns).

kae the Martial Artist (Demonspawn Monk)           Turns: 13516, Time: 00:13:37

Health: -1/90      AC: 11    Str: 12    XL:     11   Next: 44%
Magic:  11/11      EV:  5    Int: 12    God:    Wu Jian [****..]
Gold:   663        SH:  0    Dex: 18    Spells: 10/10 levels left

rFire    + . .     SeeInvis .     - Unarmed
rCold    + . .     Gourm    .   (no shield)
rNeg     . . .     Faith    .   w - +0 chain mail
rPois    .         Spirit   .   t - +0 helmet
rElec    .         Reflect  .   (no cloak)
rCorr    .         Harm     +   (no gloves)
MR       .....                  (no boots)
Stlth    ++........             i - amulet of Wibus {Harm *Drain rC+}
HPRegen  0.25/turn              r - ring of wizardry
MPRegen  0.12/turn              s - ring of protection from fire

@: about to teleport, slowed, drained, very slow
A: claws 1, iridescent scales 1, nightstalker 1, spiny 2
a: Wall Jump, Serpent's Lash, Renounce Religion


You were on level 11 of the Dungeon.
You worshipped Wu Jian.
Wu Jian was greatly pleased with you.
You were not hungry.

You visited 2 branches of the dungeon, and saw 12 of its levels.

You collected 663 gold pieces.

Inventory:

Missiles
 l - a throwing net (quivered)
Armour
 a - a +1 robe
 t - a +0 helmet (worn)
 w - a +0 chain mail (worn)
Jewellery
 i - the amulet of Wibus (around neck) {Harm *Drain rC+}
   (You found it on level 4 of the Dungeon)

   [amulet of harm]

   It increases damage dealt and taken.
   It protects you from cold.
   It causes draining when unequipped.
 r - a ring of wizardry (left claw)
 s - a ring of protection from fire (right claw)
Wands
 m - a wand of random effects (29)
 q - a wand of polymorph (17)
 y - a wand of paralysis (19)
Scrolls
 e - 7 scrolls of remove curse
 g - a scroll of immolation
 j - a scroll of identify
 k - 4 scrolls of amnesia
 o - 2 scrolls of blinking
Potions
 c - 6 potions of brilliance
 d - 2 potions of berserk rage
 f - 4 potions of curing
 n - a potion of lignification
 p - a potion of ambrosia
 v - 3 potions of might
 x - a potion of flight
 z - a potion of magic {unknown}
Books
 u - a book of Misfortune

   Spells                             Type                      Level
   a - Confusing Touch                Hexes                        1
   b - Confuse                        Hexes                        3
   c - Gell's Gravitas                Translocation                3
   d - Petrify                        Transmutation/Earth          4
   e - Metabolic Englaciation         Hexes/Ice                    5
   f - Yara's Violent Unravelling     Hexes/Transmutation          5
 C - a book of Geomancy

   Spells                             Type                      Level
   a - Sandblast                      Earth                        1
   b - Passwall                       Transmutation/Earth          2
   c - Stone Arrow                    Conjuration/Earth            3
   d - Petrify                        Transmutation/Earth          4
   e - Lee's Rapid Deconstruction     Earth                        5
 E - Vemoucy's Compendium of Damaging Shape Shifting
   (You found it on level 10 of the Dungeon)

   Spells                             Type                      Level
   a - Throw Frost                    Conjuration/Ice              2
   b - Passwall                       Transmutation/Earth          2
   c - Stone Arrow                    Conjuration/Earth            3
   d - Irradiate                      Conjuration/Transmutation    5
   e - Bolt of Cold                   Conjuration/Ice              6
Comestibles
 b - 28 rations


   Skills:
 + Level 10.0(8.8) Fighting
 - Level 2.6(1.7) Dodging
 + Level 8.3(7.2) Stealth
 * Level 12.3(11.1) Unarmed Combat


You had 10 spell levels left.
You didn't know any spells.

Dungeon Overview and Level Annotations

Branches:
Dungeon (11/15)            Temple (1/1) D:6             Orc (0/2) D:11
   Lair: D:8-11

Altars:
Ashenzari
Cheibriados
Dithmenos
Elyvilon
Fedhas
Gozag
Hepliaklqana
Kikubaaqudgha
Makhleb
Nemelex Xobeh
Okawaru
Qazlal
Ru
Sif Muna
Trog
Uskayaw
Vehumet
Wu Jian
Xom
Yredelemnul
Zin
The Shining One

Shops:
D:11 :[}

Annotations:
D:9 exclusion: manticore
D:11 Josephine


Innate Abilities, Weirdness & Mutations

You have sharp fingernails.
You are partially covered in iridescent scales. (AC +2)
You are slightly more attuned to the shadows.
You are mostly covered in sharp spines.


Message History

* * * LOW HITPOINT WARNING * * *
The wraith hits you.
* * * LOW HITPOINT WARNING * * *
The wraith is struck by your spines. The wraith hits you but does no damage.
Josephine casts a spell at you.
The ghostly flame explodes!
The ghostly fireball engulfs you!
You feel drained.
* * * LOW HITPOINT WARNING * * *
The ghostly fireball engulfs Josephine.
Josephine completely resists.
The ghostly fireball engulfs the wraith.
The wraith completely resists.
The ghostly fireball engulfs the wraith.
The wraith completely resists.
The wraith hits you but does no damage.
Okay, then.
As you read the scroll of teleportation, it crumbles to dust.
You feel strangely unstable. The wraith barely misses you.
The wraith is struck by your spines. The wraith hits you.
* * * LOW HITPOINT WARNING * * *
The wraith hits you!
You die...

#####.#.######.........
#............#.#.......
#.####........∩........
#.###..#######.#.......
#.....@..### #........>
#.##W.W#...###..######.
#...##.W.#..##..# #.
#....W##........# #.
#..##.@W##......# #.
#...............# #.
#....##....#.#..# #.
#.......#..#....# #.
#...........#.#.# #.
#........#..#...# #.
#........#...#..# #.
#..........#.#..# ##
#..........#..#.#


You could see 2 wraiths.

Vanquished Creatures
  The ghost of RudyRod the Destroyer, an adept DsFE of Vehumet (D:11)
  2 two-headed ogres
  Sigmund (D:3)
  A wraith (D:11)
  A shadow (D:11)
  A human (D:7)
  11 yaks
  A hungry ghost (D:7)
  4 hogs (D:7)
  The ghost of Tiareth the Magician, an amateur DEWr (D:3)
  A water moccasin (D:10)
  3 orc warriors
  2 phantoms
  A hornet zombie (D:6)
  An ice beast (D:8)
  2 sky beasts
  3 black bears
  2 eyes of draining
  A necrophage (D:6)
  5 ogres
  6 centaurs
  Blork the orc (D:4)
  7 bullfrogs
  A big kobold (D:8)
  A wyvern skeleton (D:7)
  A scorpion (D:9)
  3 jellies (D:11)
  5 howler monkeys
  A centaur zombie (D:8)
  8 crimson imps
  2 bullfrog zombies
  5 hounds
  2 bullfrog skeletons
  2 centaur skeletons (D:11)
  11 orc priests
  Terence (D:2)
  3 iguanas
  Ijyb (D:5)
  11 orc wizards
  4 worker ants
  A hound zombie (D:5)
  A howler monkey skeleton (D:8)
  A howler monkey zombie (D:9)
  A worker ant zombie (D:9)
  11 gnolls
  13 adders
  An ooze (D:4)
  An adder zombie (D:7)
  An adder skeleton (D:7)
  2 worms (D:2)
  5 dart slugs
  7 leopard geckos
  53 orcs
  A ball python (D:4)
  4 bats
  9 giant cockroaches
  9 goblins
  5 hobgoblins
  8 jackals
  4 quokkas
  6 frilled lizards
  A jackal skeleton (D:4)
  12 kobolds
  A leopard gecko skeleton (D:4)
  A leopard gecko zombie (D:6)
  5 rats
285 creatures vanquished.

Vanquished Creatures (others)
  10 plants (D:11)
10 creatures vanquished.

Grand Total: 295 creatures vanquished

Notes
Turn   | Place    | Note
-------+----------+-------------------------------------------
     0 | D:1      | kae the Demonspawn Monk began the quest for the Orb.
     0 | D:1      | Reached XP level 1. HP: 18/18 MP: 1/1
    34 | D:1      | Reached skill level 3 in Unarmed Combat
    40 | D:1      | Gained mutation: You are slightly more attuned to the shadows. [demonic ancestry]
    40 | D:1      | Reached XP level 2. HP: 7/24 MP: 2/2
   978 | D:1      | Gained mutation: You have sharp fingernails. [demonic ancestry]
   978 | D:1      | Reached XP level 3. HP: 26/29 MP: 3/3
  1304 | D:2      | Noticed Terence
  1325 | D:2      | Killed Terence
  1677 | D:2      | Gained mutation: You are partially covered in sharp spines. [demonic ancestry]
  1677 | D:2      | Reached XP level 4. HP: 37/37 MP: 4/4
  1716 | D:2      | Reached skill level 4 in Unarmed Combat
  2591 | D:2      | Reached XP level 5. HP: 14/42 MP: 5/5
  3020 | D:3      | Noticed Tiareth's ghost (amateur DEWr)
  3023 | D:3      | Reached skill level 5 in Unarmed Combat
  3033 | D:3      | Killed Tiareth's ghost
  3033 | D:3      | Gained mutation: You are mostly covered in sharp spines. [demonic ancestry]
  3033 | D:3      | Reached XP level 6. HP: 27/49 MP: 6/6
  3324 | D:3      | Noticed Sigmund
  3335 | D:3      | Killed Sigmund
  3335 | D:3      | Reached skill level 5 in Fighting
  3335 | D:3      | Reached skill level 6 in Unarmed Combat
  3664 | D:4      | Gained mutation: You are partially covered in iridescent scales. (AC +2) [demonic ancestry]
  3664 | D:4      | Reached XP level 7. HP: 53/56 MP: 7/7
  3726 | D:4      | Got an ancient garnet amulet
  3806 | D:4      | Noticed Blork the orc
  3818 | D:4      | Killed Blork the orc
  4221 | D:5      | Entered Level 5 of the Dungeon
  4309 | D:5      | Reached skill level 7 in Unarmed Combat
  4330 | D:5      | Noticed Ijyb
  4354 | D:5      | Killed Ijyb
  4482 | D:5      | Reached XP level 8. HP: 46/64 MP: 8/8
  4518 | D:5      | Found a white marble altar of Elyvilon.
  5249 | D:6      | Found a shattered altar of Ashenzari.
  5318 | D:6      | Reached skill level 8 in Unarmed Combat
  5365 | D:6      | Found a staircase to the Ecumenical Temple.
  5418 | Temple   | Entered the Ecumenical Temple
  5834 | Temple   | Became a worshipper of the Wu Jian Council
  5834 | Temple   | Reached * piety under Wu Jian
  5834 | Temple   | Reached ** piety under Wu Jian
  6036 | D:6      | Found a sacrificial altar of Ru.
  6274 | D:6      | Found a deep blue altar of Sif Muna.
  6276 | D:6      | Found a bloodstained altar of Trog.
  6314 | D:7      | Identified the amulet of Wibus {Harm *Drain rC+} (You found it on level 4 of the Dungeon)
  6322 | D:7      | Reached XP level 9. HP: 72/72 MP: 9/9
  6683 | D:7      | Reached skill level 9 in Unarmed Combat
  6843 | D:7      | Reached skill level 5 in Stealth
  7099 | D:7      | Reached skill level 10 in Unarmed Combat
  7515 | D:7      | Found an iron altar of Okawaru.
  7630 | D:7      | Found a hazy altar of Hepliaklqana.
  7966 | D:8      | Reached *** piety under Wu Jian
  8270 | D:8      | Reached XP level 10. HP: 46/80 MP: 10/10
  9092 | D:9      | Noticed a two-headed ogre
  9433 | D:9      | Noticed a manticore
  9552 | D:9      | Found a basalt altar of Yredelemnul.
  9692 | D:9      | Killed a two-headed ogre
  9692 | D:9      | Reached skill level 11 in Unarmed Combat
 10056 | D:10     | Entered Level 10 of the Dungeon
 10961 | D:10     | Reached **** piety under Wu Jian
 11129 | D:10     | Identified Vemoucy's Compendium of Damaging Shape Shifting
 11377 | D:11     | Noticed RudyRod's ghost (adept DsFE)
 11721 | D:11     | Found Xuumm's Gadget Emporium.
 11723 | D:11     | Found Tuadgh's Antique Armour Boutique.
 11866 | D:11     | Reached XP level 11. HP: 68/89 MP: 11/11
 11911 | D:11     | Noticed a two-headed ogre
 12169 | D:11     | Noticed a two-headed ogre
 12185 | D:11     | Killed a two-headed ogre
 12312 | D:11     | Found a staircase to the Orcish Mines.
 12476 | D:11     | Reached skill level 12 in Unarmed Combat
 12485 | D:11     | Found Vijaidgh's Book Shop.
 13211 | D:11     | Killed RudyRod's ghost
 13404 | D:11     | Reached skill level 10 in Fighting
 13498 | D:11     | Noticed Josephine
 13516 | D:11     | Slain by a wraith

Skill      XL: |  1  2  3  4  5  6  7  8  9 10 11 |
---------------+----------------------------------+-----
Unarmed Combat | 3 4 5 6 7 8 10 11 12 | 12.3
Fighting       | 4 5 6 7 8 9 10 | 10.0
Stealth        | 2 4 6 7 8 |  8.3
Dodging        | |  2.6

Action                   |  1- 3 |  4- 6 |  7- 9 | 10-12 || total
-------------------------+-------+-------+-------+-------++-------
Melee: Unarmed           |   105 |   118 |   298 |   374 ||   895
       Punch             |     2 |     3 |    12 |    20 ||    37
Invok: Lunge             |       |       |    15 |    48 ||    63
       Whirlwind         |       |       |     4 |    74 ||    78
       Wall Jump         |       |       |       |    17 ||    17
       Serpent's Lash    |       |       |       |     3 ||     3
Evoke: Wand              |       |       |       |     5 ||     5
  Use: Scroll            |       |     7 |     8 |     8 ||    23
       Potion            |       |       |       |     4 ||     4
 Stab: Sleeping          |     9 |     8 |    22 |     4 ||    43
       Distracted        |       |       |     3 |       ||     3
  Eat: Chunk             |     2 |     7 |    15 |    14 ||    38
       Ration            |       |       |       |     1 ||     1
Armor: Robe              |    12 |    11 |    27 |     1 ||    51
       Skin              |       |       |     6 |     6 ||    12
       Chain mail        |       |       |       |   112 ||   112
Dodge: Dodged            |    63 |    52 |   142 |    55 ||   312
